 Dungeon Crawl Stone Soup version 0.31.0-9-g3a7656b989 (webtiles) character file.

Game seed: 2628667650752097012

114 qw the Skirmisher (level 4, 0/25 HPs)
             Began as a Deep Elf Hunter on Feb 2, 2024.
             Frozen to death by an endoplasm (2 damage)
             ... on level 3 of the Dungeon.
             The game lasted 00:00:06 (1745 turns).

qw the Skirmisher (Deep Elf Hunter)                 Turns: 1745, Time: 00:00:07

Health: 0/25       AC:  5    Str: 10    XL:     4   Next: 67%
Magic:  6/6        EV: 11    Int: 14    God:
Gold:   112        SH:  0    Dex: 18    Spells: 3/3 levels left

rFire   . . .        a - +1 shortbow
rCold   . . .        (shield currently unavailable)
rNeg    . . .        f - +0 ring mail
rPois   .            (no helmet)
rElec   .            (no cloak)
rCorr   .            (no gloves)
SInv    .            (no boots)
Will    .....        (no amulet)
Stlth   +            (no ring)
HPRegen 0.24/turn    (no ring)
MPRegen 0.10/turn

%: no passive effects
@: about to teleport
A: no striking features
a: no special abilities


You were on level 3 of the Dungeon.
You visited 1 branch of the dungeon, and saw 5 of its levels.

You collected 112 gold pieces.


   Skills:
 - Level 1.5 Fighting
 + Level 8.1 Ranged Weapons
 - Level 2.4 Dodging
 - Level 1.2 Stealth


You had 3 spell levels left.
You didn't know any spells.
Your spell library was empty.

Inventory:

Hand Weapons
 a - a +1 shortbow (weapon)
Armour
 f - a +0 ring mail (worn)
Wands
 d - a wand of flame (24)
 m - a wand of polymorph (4)
Potions
 b - a potion of mutation {unknown}
 e - a potion of brilliance {unknown}
 g - a potion of haste {unknown}
 h - a potion of heal wounds {unknown}
 k - a potion of berserk rage {unknown}
 l - a potion of might {unknown}

Dungeon Overview and Level Annotations

Branches:
Dungeon (5/15)
 Temple: D:4-7

Altars:
Cheibriados
Makhleb

Annotations:
D:2 1 runed translucent door, Crazy Yiuf


Message History

An endoplasm comes into view.
You shoot an arrow. The arrow hits the orc.
The orc is lightly wounded.
An orc comes into view. It is wielding a +0 hand axe.
You shoot an arrow. The arrow barely misses the orc.
You shoot an arrow. The arrow closely misses the orc.
An orc comes into view. It is wielding a +0 mace.
You shoot an arrow. The arrow closely misses the orc.
A jackal comes into view.
The orc hits you with a +0 flail!
You shoot an arrow. The jackal barks!
The arrow hits the orc.
The orc is severely wounded.
The orc hits you with a +0 flail.
You shoot an arrow. The arrow hits the orc.
You kill the orc!
The endoplasm freezes you.
You are frozen.
You shoot an arrow.
The arrow hits the endoplasm but does no damage.
The endoplasm hits you.
You shoot an arrow. The arrow hits the orc.
The orc is severely wounded.
The endoplasm closely misses you. The orc closely misses you.
You shoot an arrow. The arrow hits the orc.
The orc is severely wounded.
The orc barely misses you. The endoplasm closely misses you.
The jackal bites you but does no damage.
The orc closely misses you. The endoplasm freezes you.
You are frozen.
1745 ||| READING scroll of teleportation.
As you read the scroll of teleportation, it crumbles to dust.
You feel strangely unstable.
The jackal bites you but does no damage.
The jackal closely misses you. The orc hits you with a +0 hand axe.
The endoplasm freezes you.
You are frozen.
You die...

#...... #.....#
.....# ....## ....#
#.o)####..
#########
#.hJ......
#P..#...# #.@o#
###############.%.#
................###
###############.# #
#...#...# #... #
######### #.###
#### #.. ...# ...
...# .##.


You could see 2 orcs, an endoplasm and a jackal.

Vanquished Creatures
  A hound (D:5)
  3 adders
  A dart slug (D:1)
  2 ribbon worms (D:3)
  2 orcs
  2 endoplasms (D:1)
  2 giant cockroaches
  4 goblins
  8 hobgoblins
  2 jackals (D:3)
  5 kobolds
  A quokka (D:1)
  8 ball pythons
  2 bats
  5 rats
48 creatures vanquished.

Notes
Turn   | Place    | Note
-------+----------+-------------------------------------------
     0 | D:1      | qw the Deep Elf Hunter began the quest for the Orb.
     0 | D:1      | Reached XP level 1. HP: 12/12 MP: 3/3
     0 | D:1      | 0 ||| qw: Version: 0.3-a-155-g5e7d8dd
     0 | D:1      | 0 ||| qw: Game counter: 472
     0 | D:1      | 0 ||| qw: Melee chars always use a shield: true
     0 | D:1      | 0 ||| qw: God list: Okawaru
     0 | D:1      | 0 ||| qw: Allow faded altars: false
     0 | D:1      | 0 ||| qw: Do Orc after clearing Dungeon:15 true
     0 | D:1      | 0 ||| qw: Do second Lair branch before Depths: true
     0 | D:1      | 0 ||| qw: Lair rune preference: random
     0 | D:1      | 0 ||| qw: Goals: Normal
     0 | D:1      | 0 ||| PLANNING D:1-11
    84 | D:1      | Reached skill level 6 in Ranged Weapons
    84 | D:1      | Reached XP level 2. HP: 16/16 MP: 4/4
   547 | D:1      | 547 ||| UPGRADING to +0 ring mail.
   557 | D:1      | 557 ||| DROPPING +0 leather armour.
   558 | D:1      | 558 ||| READING scroll labelled KUUNKE ECZI.
   562 | D:1      | 562 ||| READING scroll labelled BAIT TIL BIUCU.
   563 | D:1      | 563 ||| READING scroll labelled KUINKY QONN.
   564 | D:1      | 564 ||| READING scroll labelled UFUITHR UVISUG.
   564 | D:1      | 564 ||| ENCHANTING +0 shortbow.
   565 | D:1      | 565 ||| READING scroll labelled VURCHI JO DERCH.
   566 | D:1      | 566 ||| DROPPING scroll of butterflies.
   624 | D:2      | 624 ||| STAIRDANCE
   668 | D:2      | Reached XP level 3. HP: 20/20 MP: 5/5
   881 | D:2      | Found a faded altar of an unknown god.
   885 | D:2      | Reached skill level 7 in Ranged Weapons
  1008 | D:2      | Found a burning altar of Makhleb.
  1144 | D:2      | Found a runed translucent door.
  1145 | D:2      | Noticed Crazy Yiuf
  1271 | D:2      | 1271 ||| READING 2 scrolls labelled DUMPUZ RIHOACO.
  1272 | D:2      | 1272 ||| READING scroll labelled WIUCUIJAFO.
  1373 | D:2      | 1373 ||| DROPPING scroll of noise.
  1435 | D:3      | Reached XP level 4. HP: 25/25 MP: 6/6
  1453 | D:3      | You fall into a shaft and drop 2 floors!
  1453 | D:5      | Entered Level 5 of the Dungeon
  1505 | D:3      | Found a snail-covered altar of Cheibriados.
  1571 | D:3      | Reached skill level 8 in Ranged Weapons
  1744 | D:3      | HP: 3/25 [frozen (5)]
  1745 | D:3      | 1745 ||| READING scroll of teleportation.
  1745 | D:3      | Frozen to death by an endoplasm

Levels and vault maps discovered:
D:1:      dpeg_arrival_fog, layout_basic
D:2:      layout_loops_ring, basic_altar, basic_ecumenical_altar,
          uniq_crazy_yiuf_cottage
D:3:      minmay_wonky_spiral, layout_basic, slow_altar_1, serial_aquarium,
          aquarium_bridge_island_large [aquarium_subvault_large_4_pools,
          aquarium_subvault_wall, aquarium_subvault_wall,
          aquarium_subvault_bridge, aquarium_subvault_wall],
          aquarium_bridge_long_joined [aquarium_subvault_bridge,
          aquarium_subvault_bridge, aquarium_subvault_bridge,
          aquarium_subvault_window, aquarium_subvault_window,
          aquarium_subvault_wall], aquarium_window_1, aquarium_window_1,
          aquarium_window_fake, aquarium_window_corridor_1, aquarium_view_2d,
          serial_shops, shop, minmay_liquid_box, uniq_sigmund
D:4:      layout_basic, nicolae_overflow_hidden_temple,
          nicolae_dithmenos_the_darkroom, mainiacjoe_overflow_surrounded_room,
          ebering_ghost_reflecting_pool
D:5:      layout_basic, serial_shops, nicolae_shop_peninsula

Skill      XL: |  1  2  3  4 |
---------------+-------------+-----
Ranged Weapons | 6 7 8 |  8.1
Fighting       | |  1.5
Dodging        | |  2.4
Stealth        | |  1.2

Action                     |  1- 3 |  4- 6 || total
---------------------------+-------+-------++-------
   Fire: Shortbow          |    77 |    58 ||   135
    Use: Scroll            |     7 |     1 ||     8
 Armour: Leather armour    |     3 |       ||     3
         Ring mail         |     7 |    18 ||    25
  Dodge: Dodged            |     6 |    14 ||    20

Table legend:
 A = Non-vault XP
 B = Vault XP
 C = Vault XP percentage of total XP
 D = Non-vault monster count
 E = Vault monster count
 F = Vault count percentage of total count
                 A         B        C        D         E       F
            +---------+---------+-------+---------+---------+-------
      Total |     160 |       4 |   2.4 |      47 |       1 |   2.1
            +---------+---------+-------+---------+---------+-------
        D:1 |      31 |       0 |   0.0 |      18 |       0 |   0.0
        D:2 |      52 |       0 |   0.0 |      17 |       0 |   0.0
        D:3 |      34 |       4 |  10.5 |      11 |       1 |   8.3
        D:5 |      43 |       0 |   0.0 |       1 |       0 |   0.0
            +---------+---------+-------+---------+---------+-------
